AoeStats
← ITA | MarknighT

Arabia

507956310Analyzed
1v1 RM · 13d ago on Sep 20, 2026· 36m 24s· 2 players
Game mode
Random Map
Map size
Tiny (2 player)
Population
200
Speed
Normal
Resources
Standard
Victory
Conquest
Starting age
Dark Age
Ending age
Imperial Age
RankedLock teamsTeams togetherTeam positionsShared explorationLock speedFull tech treeHidden civsTurbo modeCheats
Victory
Defeat
🇦🇷 Ethiopians · Argentina
2154
+8
🇮🇹 Chinese · Italy
1968
-8
康寶羊
5:42 Loom
8:52 Feudal Age
9:25 Double-Bit Axe
12:51 Fletching
16:38 Wheelbarrow
17:22 Town Watch
20:12 Castle Age
19:41 Padded Archer Armor
19:54 Gold Mining
19:45 Horse Collar
20:49 Bodkin Arrow
20:20 Crossbowman
22:15 Bow Saw
23:46 Leather Archer Armor
32:01 Ballistics
32:22 Scale Mail Armor
33:33 Chain Mail Armor
33:48 Stone Mining
36:11 Town Watch
ITA | MarknighT
0:27 Loom
9:00 Feudal Age
9:51 Double-Bit Axe
16:07 Fletching
18:02 Horse Collar
20:39 Castle Age
18:33 Gold Mining
19:43 Padded Archer Armor
20:31 Bloodlines
20:28 Scale Barding Armor
21:24 Bodkin Arrow
20:50 Elite Skirmisher
27:42 Leather Archer Armor
34:01 Chain Barding Armor
35:03 Wheelbarrow
Connection lost

Rejoining the realm…

Still unreachable

The connection could not be restored.

Session expired

The server has moved on; the page needs a fresh start.